 Dungeon Crawl Stone Soup version 0.28-a0-1084-ga282ea246d (webtiles) character file.

Game seed: 1984086111684583983

5569 Peloso the Carver (level 10, 0/90 HPs)
             Began as a Minotaur Fighter on Dec 10, 2021.
             Killed from afar by Erica (22 damage)
             ... with a bolt of poison
             ... on level 8 of the Dungeon.
             The game lasted 00:17:42 (9140 turns).

Peloso the Carver (Minotaur Fighter)                Turns: 9140, Time: 00:17:43

Health: 0/90       AC: 18    Str: 24    XL:     10   Next: 44%
Magic:  9/9        EV:  8    Int:  5    God:
Gold:   513        SH: 10    Dex: 11    Spells: 9/9 levels left

rFire   . . .      SeeInvis .   a - +0 long sword
rCold   . . .      Faith    .   c - +0 kite shield
rNeg    . . .      Spirit   .   C - +2 chain mail {Will+}
rPois   .          Reflect  .   l - +2 hat
rElec   .          Harm     .   E - +0 cloak
rCorr   .          Rampage  .   v - +0 pair of gloves
Will    +....                   (no boots)
Stlth   ..........              (no amulet)
HPRegen 0.25/turn               (no ring)
MPRegen 0.11/turn               (no ring)

@: lethally poisoned (0 -> -10)
A: horns 2, retaliatory headbutt
a: no special abilities


You were on level 8 of the Dungeon.
You visited 2 branches of the dungeon, and saw 9 of its levels.
You also visited: Ossuary.

You collected 513 gold pieces.

Inventory:

Hand Weapons
 a - a +0 long sword (weapon)
 b - a +0 short sword of flaming
Missiles
 D - a throwing net (quivered)
Armour
 c - a +0 kite shield (worn)
 l - a +2 hat (worn)
 v - a +0 pair of gloves (worn)
 C - a +2 chain mail of willpower (worn)
 E - a +0 cloak (worn)
Jewellery
 o - a ring of wizardry
 J - a ring of protection from cold
Wands
 m - a wand of paralysis (28)
 w - a wand of charming (10)
Scrolls
 e - 4 scrolls of magic mapping
 f - a scroll of brand weapon
 g - a scroll of enchant armour
 h - a scroll of identify
 j - a scroll of amnesia {unknown}
 p - 2 scrolls of immolation {unknown}
 q - 4 scrolls of fear {unknown}
 x - 5 scrolls of fog
 y - a scroll of enchant weapon
 B - a scroll of summoning {unknown}
 F - 2 scrolls of torment {unknown}
 G - a scroll of holy word {unknown}
 I - a scroll of noise {unknown}
Potions
 d - 2 potions of attraction {unknown}
 i - a potion of mutation
 k - 3 potions of brilliance
 n - a potion of degeneration {unknown}
 r - a potion of resistance {unknown}
 s - a potion of cancellation {unknown}
 t - 4 potions of curing
 u - a potion of heal wounds {unknown}
 z - 3 potions of haste {unknown}
 A - 2 potions of magic {unknown}
 H - a potion of berserk rage {unknown}


   Skills:
 + Level 8.6 Fighting
 + Level 11.6 Long Blades
 + Level 9.5 Armour
 + Level 4.3 Dodging
 + Level 1.6 Stealth
 + Level 8.1 Shields


You had 9 spell levels left.
You didn't know any spells.
Your spell library contained the following spells:

 Spells                   Type           Power      Damage    Failure   Level
 Sandblast                Erth           0%         2d4       100%        1
 Slow                     Hex            0%         N/A       100%        1
 Blink                    Tloc           0%         N/A       100%        2
 Passwall                 Tmut/Erth      0%         N/A       100%        2
 Sublimation of Blood     Necr           0%         N/A       100%        2
 Wereblood                Tmut           0%         N/A       100%        2
 Confusing Touch          Hex            0%         N/A       100%        3
 Lesser Beckoning         Tloc           0%         N/A       100%        3
 Stone Arrow              Conj/Erth      0%         3d7       100%        3
 Vampiric Draining        Necr           0%         2d6       100%        3
 Summon Ice Beast         Ice/Summ       0%         N/A       100%        4
 Manifold Assault         Tloc           0%         N/A       100%        5
 Summon Mana Viper        Hex/Summ       0%         N/A       100%        5
 Monstrous Menagerie      Summ           0%         N/A       100%        7
 Summon Hydra             Summ           0%         N/A       100%        7


Dungeon Overview and Level Annotations

Branches:
Dungeon (8/15)             Temple (1/1) D:6         Ossuary (visited)
   Lair: D:8-11

Altars:
Ashenzari
Cheibriados
Dithmenos
Elyvilon
Fedhas
Gozag
Hepliaklqana
Kikubaaqudgha
Makhleb
Qazlal
Sif Muna
Trog
Uskayaw
Vehumet
Wu Jian
Yredelemnul
Zin
The Shining One

Shops:
D:1 (   D:8 (

Annotations:
D:8 Erica


Innate Abilities, Weirdness & Mutations

You have a pair of horns on your head.
You reflexively headbutt those who attack you in melee.


Message History

You block the orc warrior's attack.
You hit the orc warrior. You headbutt the orc warrior.
The orc warrior is lightly wounded.
The orc warrior hits you with a +0 trident.
Something hits you. Something burns you.
You hit the orc warrior. Your headbutt misses the orc warrior.
The orc warrior is moderately wounded.
You block the orc warrior's attack. Something hits you. Something burns you.
You barely miss the orc warrior.
The orc warrior is moderately wounded.
The sky beast flickers out of sight!
The orc warrior completely misses you. You furiously retaliate!
You headbutt the orc warrior! Something hits you but does no damage.
You slash the orc warrior!
You kill the orc warrior!
Something hits you but does no damage. You block something's attack.
Things that are here:
a +0 trident; a +0 plate armour; 15 gold pieces You miss something.
Your headbutt misses something. Something hits you but does no damage.
Something hits you. Something burns you.
You miss something. Something completely misses you.
You hear some strange, mumbled words.
A bolt of poison appears from out of thin air!
The bolt of poison misses you.
You closely miss something. Something hits you but does no damage.
You slash something! Something hits you. Something burns you.
Something hits you but does no damage.
You barely miss something. You block something's attack. Something hits you.
Something shocks you.
You closely miss something. Something hits you!
* * * LOW HITPOINT WARNING * * *
Something burns you.
* * * LOW HITPOINT WARNING * * *
Something hits you but does no damage.
You miss something. You headbutt something.
You hear some strange, mumbled words.
A bolt of poison appears from out of thin air!
The bolt of poison hits you!!
You are poisoned.
You die...

##..#..##..#.. ##..#
###...#..#...#.# ...#
...............#
##..............#.....#
............##....##
.##................
.#......8........
..#.....#<#.......
......8.{@8......
.......){........ .
#.....).8....>... .
................) .
.......#.........
.......###..##...
....... .## ... .......
.. .. ###.... .##


There were no monsters in sight!

Vanquished Creatures
  A two-headed ogre (D:7)
  A wolf spider (shapeshifter) (D:6)
  A cyclops (D:7)
  Maggie (D:7)
  Prince Ribbit (D:6)
  A troll (D:7)
  Grum (D:8)
  2 water moccasins (D:7)
  4 orc warriors
  2 sky beasts
  2 black bears
  2 necrophages
  An ogre (D:7)
  2 centaurs
  3 ice beasts (D:7)
  2 wolves (D:8)
  3 phantoms
  A bullfrog (D:7)
  A wyvern skeleton (D:6)
  2 scorpions
  3 water moccasin skeletons
  2 howler monkeys
  6 centaur zombies
  A bullfrog zombie (D:7)
  5 orc priests
  A centaur skeleton (D:5)
  A jelly (D:6)
  A bullfrog skeleton (D:4)
  Crazy Yiuf (D:5)
  A scorpion zombie (D:5)
  4 orc wizards
  A hound zombie (D:5)
  5 mummies (Ossuary)
  A howler monkey zombie (D:7)
  Robin (D:2)
  2 adders
  2 shadow imps
  A white imp (D:7)
  2 ufetubi
  An adder skeleton (D:4)
  A dart slug (D:1)
  28 orcs
  9 ball pythons
  4 bats
  9 endoplasms
  3 giant cockroaches
  16 goblins
  8 hobgoblins
  4 kobolds
  3 quokkas
  A frilled lizard (D:1)
  3 hobgoblin zombies (Ossuary)
  6 rats
171 creatures vanquished.

Notes
Turn   | Place    | Note
-------+----------+-------------------------------------------
     0 | D:1      | Peloso the Minotaur Fighter began the quest for the Orb.
     0 | D:1      | Reached XP level 1. HP: 19/19 MP: 0/0
    29 | D:1      | Found Juosyl's Weapon Boutique.
   496 | D:1      | Reached XP level 2. HP: 21/27 MP: 1/1
   896 | D:1      | Reached XP level 3. HP: 30/33 MP: 2/2
  1334 | D:2      | Reached skill level 3 in Long Blades
  1343 | D:2      | Found a faded altar of an unknown god.
  1639 | D:2      | Noticed Robin
  1654 | D:2      | Killed Robin
  1925 | D:3      | Reached XP level 4. HP: 40/40 MP: 3/3
  1961 | D:3      | Reached skill level 4 in Long Blades
  2281 | D:3      | Found a white marble altar of Elyvilon.
  2359 | D:3      | You fall into a shaft and drop 1 floor!
  2739 | D:4      | Found a hide-covered altar of Uskayaw.
  2754 | D:4      | Found a snail-covered altar of Cheibriados.
  2981 | D:4      | Reached XP level 5. HP: 39/46 MP: 4/4
  2991 | D:4      | Reached skill level 1 in Dodging
  3237 | D:4      | Noticed a phantom
  3251 | D:4      | Killed a phantom
  3252 | D:4      | Reached skill level 5 in Long Blades
  3252 | D:4      | Reached skill level 5 in Armour
  3556 | D:5      | Entered Level 5 of the Dungeon
  3589 | D:5      | Reached XP level 6. HP: 47/53 MP: 5/5
  3671 | D:5      | Reached skill level 5 in Fighting
  3766 | D:5      | Found a sand-covered staircase.
  3777 | Ossuary  | Entered an ossuary
  3917 | Ossuary  | Reached XP level 7. HP: 61/61 MP: 6/6
  3920 | Ossuary  | Reached skill level 6 in Long Blades
  4258 | D:5      | Reached skill level 5 in Shields
  4296 | D:5      | Found a runed translucent door.
  4297 | D:5      | Noticed Crazy Yiuf
  4869 | D:5      | Killed Crazy Yiuf
  4993 | D:6      | Reached skill level 7 in Long Blades
  5043 | D:6      | Reached XP level 8. HP: 29/70 MP: 7/7
  5419 | D:6      | Found a broken altar of Ashenzari.
  5569 | D:6      | Found a staircase to the Ecumenical Temple.
  5615 | Temple   | Entered the Ecumenical Temple
  6103 | D:7      | Reached skill level 8 in Long Blades
  6387 | D:7      | Reached skill level 9 in Long Blades
  6552 | D:7      | Noticed Maggie
  6563 | D:7      | Reached XP level 9. HP: 43/79 MP: 8/8
  6568 | D:7      | Killed Maggie
  6883 | D:7      | Noticed an orb spider
  6885 | D:7      | Noticed a cyclops
  6895 | D:7      | Reached skill level 10 in Long Blades
  6895 | D:7      | Noticed a two-headed ogre
  6895 | D:7      | Noticed a troll
  7168 | D:7      | Noticed Prince Ribbit
  7169 | D:7      | Noticed a wolf spider
  7638 | D:6      | Killed a wolf spider
  7656 | D:6      | Killed Prince Ribbit
  7657 | D:6      | Reached skill level 1 in Stealth
  8235 | D:7      | Reached XP level 10. HP: 81/88 MP: 9/9
  8303 | D:7      | Reached skill level 11 in Long Blades
  8553 | D:7      | Killed a cyclops
  8711 | D:7      | Killed a two-headed ogre
  9082 | D:8      | Found Jyetung's Weapon Shop.
  9082 | D:8      | Noticed Grum
  9104 | D:8      | Killed Grum
  9121 | D:8      | Noticed Erica
  9140 | D:8      | Killed from afar by Erica

Illustrated notes

Levels and vault maps discovered:
D:1:      dpeg_arrival_tiny_c, layout_rooms, serial_shops,
          nicolae_shop_behind_doors
D:2:      layout_basic, hellmonk_ecumenical_altar_leap_of_faith,
          roderic_filled_cross, hex_medium, uniq_robin
D:3:      layout_rooms, mainiacjoe_overflow_chevrons, minmay_misc_feat_doors
D:4:      layout_gridville, nicolae_uskayaw_dance_hall, amcnicky_altar_gilded,
          columned_hall_lemuel
D:5:      layout_loops_ring, lightli_ossuary_entry_decrepit_ruins,
          uniq_crazy_yiuf_cottage
D:6:      layout_loops_cross, cheibrodos_ashenzari_chains,
          minmay_temple_entry_mist
D:7:      nzn_winding_woodlands_cross [nzn_winding_woodlands_5x15_zeroes,
          nzn_winding_woodlands_5x15_twine,
          nzn_winding_woodlands_5x15_river_crossing,
          nzn_winding_woodlands_5x15_jagged,
          nzn_winding_woodlands_15x15_thick_spiral], layout_cave_pools,
          serial_glass, glass_columns_a, glass_columns_a, due_unseen_surprise,
          eino_curves_01, uniq_maggie, uniq_prince_ribbit1
D:8:      layout_cave_pools, nemelex_spade_bored_becter, serial_shops,
          nicolae_shop_statue_plus, uniq_erica, uniq_grum
Temple:   jpeg_temple_clearing

Skill      XL: |  1  2  3  4  5  6  7  8  9 10 |
---------------+-------------------------------+-----
Armour         | 4 5 6 7 9 |  9.5
Shields        | 4 5 6 7 8 |  8.1
Fighting       | 4 5 6 7 8 |  8.6
Long Blades    | 3 4 5 7 9 10 11 | 11.6
Dodging        | 1 2 3 4 |  4.3
Stealth        | 1 |  1.6

Action                   |  1- 3 |  4- 6 |  7- 9 | 10-12 || total
-------------------------+-------+-------+-------+-------++-------
Melee: Long sword        |    90 |   147 |   274 |    65 ||   576
       Headbutt          |    13 |    32 |    59 |    16 ||   120
Evoke: Wand              |       |       |     1 |       ||     1
  Use: Scroll            |       |     6 |     2 |     1 ||     9
       Potion            |       |       |     2 |       ||     2
 Stab: Paralysed         |       |       |     4 |       ||     4
Armor: Scale mail        |    52 |   114 |    10 |       ||   176
       Chain mail        |       |       |   188 |    27 ||   215
Dodge: Dodged            |    48 |    96 |    94 |    19 ||   257
Block: Buckler           |    26 |    49 |    18 |       ||    93
       Kite shield       |       |       |   108 |    31 ||   139

Table legend: (Time is in decaauts)
 A = Elapsed time spent in this place.
 B = Non-inter-level travel time spent in this place.
 C = Inter-level travel time spent in this place.
 D = Time resting spent in this place.
 E = Time spent auto-exploring this place.
 F = Levels seen in this place.
 G = Mean time per level.
                   A        B        C        D        E       F      G
               +--------+--------+--------+--------+--------+-----+--------+
         Total |   9225 |   9042 |    183 |   1106 |   6007 |  10 |  922.5 |
       Dungeon |   8580 |   8397 |    183 |   1042 |   5613 |   8 | 1072.5 |
        Temple |    217 |    217 |      0 |      0 |    188 |   1 |  217.0 |
       Ossuary |    427 |    427 |      0 |     64 |    206 |   1 |  427.0 |
               +--------+--------+--------+--------+--------+-----+--------+

Top non-repeatable levels by time:
     D:7: 2079 daAuts
     D:6: 1690 daAuts
     D:2: 1164 daAuts
     D:1: 1042 daAuts
     D:5: 1000 daAuts
     D:4: 891 daAuts
     D:3: 498 daAuts
 Ossuary: 427 daAuts
  Temple: 217 daAuts
     D:8: 213 daAuts
